 Dungeon Crawl Stone Soup version 0.21-a0-94-gdd6ab6a (webtiles) character file.

760 nubinia the Firebug (level 7, -4/40 HPs)
             Began as a Gargoyle Fire Elementalist on July 2, 2017.
             Slain by a hornet zombie (10 damage)
             ... on level 6 of the Dungeon.
             The game lasted 00:22:53 (4982 turns).

nubinia the Firebug (Gargoyle Fire Elementalist)    Turns: 4982, Time: 00:22:54

Health: -4/40      AC:  9    Str: 15    XL:     7   Next: 80%
Magic:  12/12      EV: 12    Int: 18    God:
Gold:   286        SH:  0    Dex: 10    Spells: 3/13 levels left

rFire    . . .     SeeInvis .   C - +2 war axe (chop)
rCold    . . .     Gourm    .   (no shield)
rNeg     + . .     Faith    .   a - +1 robe
rPois    ∞         Spirit   .   x - +2 hat
rElec    +         Reflect  .   (no cloak)
rCorr    .         Harm     .   (no gloves)
MR       +....                  (no boots)
Stlth    ++........             u - amulet of magic regeneration
HPRegen  0.13/turn              q - ring of protection from magic
MPRegen  0.38/turn              E - +4 ring of strength

@: very slightly contaminated, invisible
A: negative energy resistance 1, electricity resistance, unbreathing,
petrification resistance, rot immunity, AC +4
a: no special abilities


You were on level 6 of the Dungeon.
You were not hungry.

You visited 1 branch of the dungeon, and saw 6 of its levels.

You collected 286 gold pieces.

Inventory:

Hand Weapons
 f - a +1 mace
 C - a +2 war axe of chopping (weapon)
Armour
 a - a +1 robe (worn)
 p - a +0 helmet
 x - a +2 hat (worn)
Jewellery
 q - a ring of protection from magic (left hand)
 u - an amulet of magic regeneration (around neck)
 E - a +4 ring of strength (right hand)
 F - an uncursed ring of flight
Wands
 y - a wand of confusion (32/48)
 A - a wand of iceblast (3/15)
Scrolls
 e - a scroll of fog
 j - 3 scrolls of identify
 l - a scroll of enchant weapon
 t - 2 scrolls of remove curse
 v - a scroll of magic mapping
Potions
 h - 3 potions of curing {unknown}
 i - a potion of magic {unknown}
 m - a potion of haste
 n - a potion of might {unknown}
 s - a potion of flight {unknown}
 z - a potion of resistance {unknown}
 D - a potion of degeneration {unknown}
Books
 b - a book of Flames

   Spells                             Type                      Level
   a - Flame Tongue                   Conjuration/Fire             1
   b - Throw Flame                    Conjuration/Fire             2
   c - Conjure Flame                  Conjuration/Fire             3
   d - Inner Flame                    Hexes/Fire                   3
   e - Sticky Flame                   Conjuration/Fire             4
   f - Fireball                       Conjuration/Fire             5
Comestibles
 c - 4 bread rations
 d - 5 royal jellies
 k - a fruit
 o - 4 meat rations
 r - 3 chunks of flesh


   Skills:
 + Level 2.3 Fighting
 + Level 2.6 Maces & Flails
 + Level 2.5 Dodging
 + Level 4.0 Stealth
 + Level 3.9 Spellcasting
 + Level 3.7 Conjurations
 + Level 4.8 Fire Magic


You had 3 spell levels left.
You knew the following spells:

 Your Spells              Type           Power        Failure   Level  Hunger
a - Flame Tongue          Conj/Fire      ###..        2%          1    None
b - Throw Flame           Conj/Fire      ###...       3%          2    ##.....
c - Conjure Flame         Conj/Fire      ###.....     8%          3    ###....
d - Sticky Flame          Conj/Fire      ###.....     26%         4    ####...


Dungeon Overview and Level Annotations

Branches:
Dungeon (6/15)
 Temple: D:4-7

Altars:
Ashenzari
Dithmenos
Fedhas
Ru
Wu Jian
Xom
Yredelemnul
Zin

Annotations:
D:3 p0werm0de's ghost, weakling DsWr
D:4 Gorglomux's ghost, amateur HOGl


Innate Abilities, Weirdness & Mutations

You are resistant to torment.
Your stone body is resilient. (AC +4)
You are immune to poison.
You resist negative energy. (rN+)
You are resistant to electric shocks. (rElec)
You can survive without breathing.
You are immune to petrification.
You are immune to rotting.


Message History

Unknown command.
Unknown command.
Unknown command.
Casting: Flame Tongue
Confirm with . or Enter, or press ? or * to list all spells.
Aiming: Flame Tongue
Press: ? - help, Shift-Dir - straight line, f/p - hornet zombie
Aim: a hornet zombie (lightly damaged)
The flame tongue hits the hornet zombie.
The hornet zombie is moderately damaged.
The hornet zombie hits you but does no damage.
The hornet zombie hits you.
* * * LOW HITPOINT WARNING * * *
The crimson imp blinks!
You fade into invisibility!
The hornet zombie closely misses you. x2
The hornet zombie hits you.
* * * LOW HITPOINT WARNING * * *
The hornet zombie hits you!
You die...

##
#5#.##.#.##.#.#.#..#.#...#
#.#.#.....# #.#.#....#...#
#.#....#### #.#.#....#...#
#.#......# .#.#.#....#...#
#.#.#..#.##.#..§#...##....
#.#.####... #####......#.<
#.........#######.#....#..
###.#####.#######.........
#.....Z@...............#
##.....#.############.###
...........# #.# #
####.._...## #.###
#......# #.... #......#
##### ##.....# #######


You could see a hornet zombie.

Vanquished Creatures
  A sky beast (D:6)
  A big kobold (D:5)
  A bullfrog (D:6)
  4 hounds
  An orc priest (D:4)
  A centaur skeleton (D:5)
  2 bullfrog skeletons
  An orc wizard (D:4)
  A hound zombie (D:6)
  A hound skeleton (D:5)
  4 gnolls (D:2)
  6 adders
  3 oozes
  An adder zombie (D:5)
  2 adder skeletons
  4 worms
  2 dart slugs (D:2)
  4 leopard geckos
  16 orcs
  A ball python (D:5)
  8 giant cockroaches
  6 goblins
  11 hobgoblins
  6 quokkas
  4 bats
  3 frilled lizards
  7 kobolds
  A leopard gecko skeleton (D:4)
  11 rats
114 creatures vanquished.

Notes
Turn   | Place    | Note
-------+----------+-------------------------------------------
     0 | D:1      | nubinia the Gargoyle Fire Elementalist began the quest for the Orb.
     0 | D:1      | Reached XP level 1. HP: 10/10 MP: 3/3
   430 | D:1      | Reached XP level 2. HP: 15/15 MP: 3/5
   452 | D:1      | Learned a level 2 spell: Throw Flame
   871 | D:2      | Reached XP level 3. HP: 19/19 MP: 4/6
   960 | D:2      | Reached skill level 1 in Maces & Flails
  1279 | D:2      | Reached XP level 4. HP: 21/24 MP: 7/7
  1284 | D:2      | Learned a level 3 spell: Conjure Flame
  2246 | D:3      | Reached XP level 5. HP: 28/28 MP: 8/8
  2313 | D:3      | Noticed p0werm0de's ghost (weakling DsWr)
  2789 | D:4      | Noticed Gorglomux's ghost (amateur HOGl)
  3090 | D:4      | Reached skill level 1 in Fighting
  3173 | D:4      | Reached XP level 6. HP: 29/34 MP: 5/10
  3277 | D:4      | Learned a level 4 spell: Sticky Flame
  3504 | D:5      | Entered Level 5 of the Dungeon
  3854 | D:5      | Found a shattered altar of Ashenzari.
  3856 | D:5      | Found a shimmering altar of Xom.
  3858 | D:5      | Found a shadowy altar of Dithmenos.
  3858 | D:5      | Found a sacrificial altar of Ru.
  3858 | D:5      | Found a blossoming altar of Fedhas.
  3858 | D:5      | Found an ornate altar of the Wu Jian Council.
  3883 | D:5      | Found a glowing silver altar of Zin.
  3998 | D:5      | Found a sacrificial altar of Ru.
  4262 | D:5      | Reached XP level 7. HP: 38/38 MP: 12/12
  4899 | D:6      | Found a basalt altar of Yredelemnul.
  4982 | D:6      | Slain by a hornet zombie

Vault maps used:
D:1:      elethiomel_arrival_infinity_welcomes_careful_drivers
D:3:      first_bread
D:5:      grunt_temple_overflow_open, hangedman_ru_absence
D:6:      lemuel_ice_spiral_2, basic_altar, st_stairs_13,
          fedhas_altar_fruit_tree, uniq_crazy_yiuf_cottage

Skill      XL: |  1  2  3  4  5  6  7 |
---------------+----------------------+-----
Maces & Flails | 1 2 |  2.6
Dodging        | 2 |  2.5
Stealth        | 3 4 |  4.0
Fighting       | 1 2 |  2.3
Fire Magic     | 4 |  4.8
Conjurations   | 2 3 |  3.7
Spellcasting   | 3 |  3.9

Action                   |  1- 3 |  4- 6 |  7- 9 || total
-------------------------+-------+-------+-------++-------
Melee: Mace              |    60 |    94 |       ||   154
       Unarmed           |     2 |       |       ||     2
       War axe           |       |    30 |    24 ||    54
 Cast: Flame Tongue      |    25 |    74 |    17 ||   116
       Throw Flame       |     2 |    38 |    11 ||    51
  Use: Potion            |     1 |       |     1 ||     2
       Scroll            |       |     5 |     7 ||    12
 Stab: Invisible         |     1 |       |       ||     1
       Sleeping          |     2 |     8 |     1 ||    11
  Eat: Chunk             |     2 |    11 |     3 ||    16
Armor: Robe              |    22 |    65 |    22 ||   109
Dodge: Dodged            |    49 |    82 |    24 ||   155
